 Dungeon Crawl Stone Soup version 0.23.0 (webtiles) character file.

Game seed: 7340215764971352465

42 Folque the Magician (level 3, -4/19 HPs)
             Began as a Deep Elf Air Elementalist on Feb 18, 2019.
             Slain by an ogre
             ... wielding a +0 giant club
              (15 damage)
             ... on level 2 of the Dungeon.
             The game lasted 00:05:43 (947 turns).

Folque the Magician (Deep Elf Air Elementalist)      Turns: 947, Time: 00:05:44

Health: -4/19      AC:  4    Str:  5    XL:     3   Next: 33%
Magic:  6/10       EV: 13    Int: 20    God:
Gold:   43         SH:  0    Dex: 15    Spells: 8/9 levels left

rFire    . . .     SeeInvis .   (no weapon)
rCold    . . .     Gourm    .   (no shield)
rNeg     . . .     Faith    .   a - +0 robe
rPois    .         Spirit   .   (no helmet)
rElec    .         Reflect  .   f - +0 cloak
rCorr    .         Harm     .   h - +0 pair of gloves
MR       .....                  (no boots)
Stlth    ++........             (no amulet)
HPRegen  0.06/turn              (no ring)
MPRegen  0.12/turn              (no ring)

@: very slightly contaminated
A: no striking features
a: no special abilities


You were on level 2 of the Dungeon.
You were not hungry.

You visited 1 branch of the dungeon, and saw 2 of its levels.

You collected 43 gold pieces.

Inventory:

Hand Weapons
 j - a +0 dagger of venom
Armour
 a - a +0 robe (worn)
 f - a +0 cloak (worn)
 h - a +0 pair of gloves (worn)
Jewellery
 g - a cursed -3 ring of evasion {unknown}
Scrolls
 k - a scroll of identify {unknown}
 l - a scroll of remove curse {unknown}
 m - a scroll of enchant armour {unknown}
Potions
 d - a potion of invisibility {unknown}
 e - a potion of heal wounds {unknown}
 i - a potion of lignification {unknown}
 n - a potion of brilliance {unknown}
Comestibles
 b - 11 chunks of flesh
 c - 4 rations


   Skills:
 - Level 2.4 Dodging
 - Level 2.4 Stealth
 + Level 3.7 Spellcasting
 * Level 2.4 Conjurations
 + Level 3.5 Air Magic


You had 8 spell levels left.
You knew the following spells:

 Your Spells              Type           Power        Failure   Level  Hunger
a - Shock                 Conj/Air       ###.         4%          1    None

Your spell library contained the following spells:

 Spells                   Type           Power        Failure   Level  Hunger
 Swiftness                Chrm/Air       ##......     10%         2    ##.....
 Static Discharge         Conj/Air       ###.....     12%         3    ###....
 Airstrike                Air            ###.......   30%         4    ####...
 Lightning Bolt           Conj/Air       ###.......   73%         5    ######.


Dungeon Overview and Level Annotations

Branches:
Dungeon (2/15)

Altars:


Message History

There is a stone staircase leading up here.
Casting: Shock (safe; 4% risk of failure)
Confirm with . or Enter, or press ? or * to list all spells.
Aiming: Shock (safe; 4% risk of failure)
Press: ? - help, Shift-Dir - straight line, f/p - ogre
Aim: an ogre, wielding a +0 giant club (moderately wounded)
The zap hits the ogre.
The ogre is moderately wounded.
The zap hits the ogre.
The ogre is heavily wounded.
Casting: Shock (safe; 4% risk of failure)
Confirm with . or Enter, or press ? or * to list all spells.
Aiming: Shock (safe; 4% risk of failure)
Press: ? - help, Shift-Dir - straight line, p - ogre That beam is likely to hit you.
Continue anyway?
You miscast Shock.
You are very lightly contaminated with residual magic.
Nothing appears to happen.
The ogre hits you with a +0 giant club!
Ouch! That really hurt!
You die...

#.#.##### #.
#.......# #.
###..##.# #.
##.##.###. .#
#÷.#.##.. ####.#
##.#.##.. ..#.#
#.#.##.. #####.#.#
#.#†....
#.O@#.#.#####..####.
#.###........#.## #.
#[.O$........#..# #.
######.......##÷# #.
+.......##.# #.
#.......##..##.
#.......###.##.
#.......# ..
#.......# #.#


You could see an ogre.

Vanquished Creatures
  An ooze (D:2)
  A worm (D:2)
  3 dart slugs (D:1)
  A leopard gecko (D:1)
  3 giant cockroaches
  4 goblins
  4 hobgoblins
  2 kobolds
  2 bats
  A frilled lizard (D:1)
  4 rats
26 creatures vanquished.

Notes
Turn   | Place    | Note
-------+----------+-------------------------------------------
     0 | D:1      | Folque the Deep Elf Air Elementalist began the quest for
                  | the Orb.
     0 | D:1      | Reached XP level 1. HP: 10/10 MP: 6/6
     0 | D:1      | Noticed a large abomination
     0 | D:1      | Noticed an iron dragon
     1 | D:1      | Noticed a tentacled monstrosity
     3 | D:1      | Noticed a white draconian
     5 | D:1      | Noticed a shadow dragon
     6 | D:1      | Noticed a shadow dragon
     7 | D:1      | Noticed a large abomination
     8 | D:1      | Noticed a shadow dragon
    10 | D:1      | Noticed a large abomination
    10 | D:1      | Noticed a green draconian
    12 | D:1      | Noticed an orb of fire
    13 | D:1      | Noticed a shadow dragon
    14 | D:1      | Noticed a black draconian
    16 | D:1      | Noticed an ice dragon
    16 | D:1      | Noticed an ice dragon
    18 | D:1      | Noticed a green draconian
    18 | D:1      | Noticed a shadow dragon
   162 | D:1      | Reached XP level 2. HP: 8/15 MP: 1/8
   834 | D:2      | Reached XP level 3. HP: 13/19 MP: 7/10
   920 | D:2      | Noticed an ogre
   947 | D:2      | Slain by an ogre

Skill      XL: |  1  2 |
---------------+-------+-----
Conjurations   | 2 |  2.4
Dodging        | |  2.4
Stealth        | |  2.4
Spellcasting   | |  3.7
Air Magic      | |  3.5

Action                   || total
-------------------------++-------
Melee: Unarmed           ||    49
 Cast: Shock             ||    56
Armor: Robe              ||    18
Dodge: Dodged            ||    47
